 Seeded DCSS version 0.25.1-8-g42b30a86e7 (webtiles) character file.

Game seed: 20201210 (custom seed)

5 radhat240 the Sneak (level 1, 0/10 HPs)
             Began as a Spriggan Assassin on Dec 17, 2020.
             Was an Initiate of Dithmenos.
             Killed from afar by an orc wizard (10 damage)
             ... with a puff of frost
             ... on level 4 of the Dungeon.
             The game lasted 00:02:51 (275 turns).

radhat240 the Sneak (Spriggan Assassin)              Turns: 275, Time: 00:02:51

Health: 0/10       AC:  4    Str:  7    XL:     1   Next: 66%
Magic:  2/2        EV: 17    Int: 12    God:    Dithmenos [......]
Gold:   39         SH:  0    Dex: 17    Spells: 0/0 levels left

rFire    . . .     SeeInvis +   a - +2 dagger
rCold    . . .     Gourm    .   (shield restricted)
rNeg     . . .     Faith    .   b - +0 robe
rPois    .         Spirit   .   (helmet restricted)
rElec    .         Reflect  .   c - +1 cloak
rCorr    .         Harm     .   (gloves unavailable)
MR       .....                  (boots unavailable)
Stlth    +++.......             i - amulet of regeneration
HPRegen  0.43/turn              (no ring)
MPRegen  0.08/turn              (no ring)

@: very quick
A: very small, unfitting armour, see invisible, herbivore, speed 3, slow
metabolism 2
a: Renounce Religion


You were on level 4 of the Dungeon.
You worshipped Dithmenos.
Dithmenos was noncommittal.
You were not hungry.

You visited 1 branch of the dungeon, and saw 4 of its levels.

You collected 39 gold pieces.

Inventory:

Hand Weapons
 a - a +2 dagger (weapon)
Missiles
 d - 25 poisoned darts (quivered)
 e - 2 curare-tipped darts
 h - 7 atropa-tipped darts
Armour
 b - a +0 robe (worn)
 c - a +1 cloak (worn)
Jewellery
 i - an amulet of regeneration (around neck)
Scrolls
 g - a scroll of identify {unknown}
 j - a scroll of amnesia {unknown}
Comestibles
 f - 4 rations


   Skills:
 + Level 1.6 Fighting
 + Level 2.2 Short Blades
 + Level 2.0 Throwing
 + Level 1.7 Dodging
 * Level 6.1 Stealth


You couldn't memorise any spells.
You didn't know any spells.
Your spell library was empty.

Dungeon Overview and Level Annotations

Branches:
Dungeon (4/15)
 Temple: D:4-7

Altars:
Dithmenos
Vehumet
Yredelemnul


Innate Abilities, Weirdness & Mutations

You are very small and have problems with some larger weapons.
You are too small for most types of armour.
You have supernaturally acute eyesight. (SInv)
You are a herbivore.
You cover ground extremely quickly.
You need to consume almost no food.


Message History

Dithmenos accepts your kill.
Found 9 gold pieces.
An orc comes into view.
An orc wizard comes into view. It is wielding a +0 dagger of venom.
An orc comes into view. It is wielding a +0 short sword.
Found 10 gold pieces.
Found a ration.
You see here 9 gold pieces.
You now have 39 gold pieces (gained 9).
The orc wizard shouts!
Found a stone staircase leading down.
An adder skeleton comes into view.
The orc misses you. The orc misses you.
Found a stone staircase leading down.
Found 14 gold pieces and a scroll labeled HICLEMPAICK.
The orc wizard gestures at you while chanting.
The puff of frost hits you!
Ouch! That really hurt!
You die...

.. #. ##..######.## #.
##............ ####.
#..%....###.## ....
#....##.# #.#
#..####.##.##.# #.#
#.........o...###.##
.####...###.##.#........
.......@...o............
.####...###oZ.....######
...>..$. #$##.#.##
####.......##.#.#
#.#.#.####.#.# #.#.#.#
#.#.# ..#?#.. ....#
####.# ## #.#.#


You could see an orc wizard, an orc and an adder skeleton.

Vanquished Creatures
  A giant cockroach (D:3)
  A hobgoblin (D:2)
  A kobold (D:2)
  2 frilled lizards
5 creatures vanquished.

Notes
Turn   | Place    | Note
-------+----------+-------------------------------------------
     0 | D:1      | radhat240 the Spriggan Assassin began the quest for the
                  | Orb.
     0 | D:1      | Reached XP level 1. HP: 10/10 MP: 2/2
    96 | D:2      | Found a shadowy altar of Dithmenos.
    97 | D:2      | Found a basalt altar of Yredelemnul.
    97 | D:2      | Found a radiant altar of Vehumet.
   101 | D:2      | Became a worshipper of Dithmenos the Shadowed
   180 | D:2      | Reached skill level 6 in Stealth
   261 | D:4      | Noticed an orc wizard
   275 | D:4      | Killed from afar by an orc wizard

Illustrated notes

Levels and vault maps discovered:
D:1:      dpeg_arrival_snail, layout_basic
D:2:      layout_basic, chequers_temple_overflow_statue_of_worship,
          minmay_hedge_maze, minmay_misc_feat_five
D:3:      layout_basic
D:4:      layout_loops_ring, tgw_trog, first_ration, minmay_distorted

Skill      XL: |  1 |
---------------+----+-----
Stealth        | 6 |  6.1
Fighting       | |  1.6
Short Blades   | |  2.2
Throwing       | |  2.0
Dodging        | |  1.7

Action                   || total
-------------------------++-------
Melee: Dagger            ||    13
  Use: Scroll            ||     1
 Stab: Sleeping          ||     3
Armor: Robe              ||     2
Dodge: Dodged            ||     9
